[Event "12th WLC Weekend 2022"]
[Site "Eindhoven"]
[Date "2022.05.14"]
[Round "2.14"]
[White "Grooten, Tommy"]
[Black "Van de Put, Jeroen"]
[Result "1-0"]
[ECO "B80"]
[WhiteElo "1847"]
[BlackElo "1987"]
[Annotator "TA"]
[PlyCount "67"]
[EventDate "2022.05.13"]
[EventType "swiss"]
[EventCountry "NED"]
[SourceTitle "playchess.com"]
[Source "ChessBase"]
[SourceQuality "1"]
[TimeControl "5400+30"]

1. e4 c5 2. Nf3 d6 3. d4 cxd4 4. Nxd4 Nf6 5. Nc3 e6 6. Be3 Nc6 7. f3 Be7 8. Qd2 O-O 9. O-O-O d5 10. Qf2 {[%emt 0:01:02] [#] B80: Sicilian Scheveningen: 6 g3 and 6 Be3, including English Attack.} (10. Be2 $14) 10... Bb4 $146 ({Predecessor:} 10... e5 11. Nxc6 bxc6 12. exd5 cxd5 13. Qg3 Qd6 14. f4 exf4 15. Bxf4 Qc6 16. Be5 Be6 17. Bb5 Qb7 {1-0 (34) Rudd,J (2310)-Morrison,G (2336) Sunningdale 2006}) 11. Nce2 (11. exd5 $11 exd5 12. Qd2) 11... Qa5 (11... e5 $17 12. Nxc6 bxc6) 12. Kb1 {[%emt 0:00:28] Black is slightly better.} dxe4 13. Nb3 Qc7 14. Ng3 (14. a3 $15 Be7 15. Nc3) 14... exf3 $17 15. gxf3 Nd5 16. Rxd5 exd5 $19 17. Rg1 Kh8 18. Bd3 Bd6 $2 (18... Be7 $19 {Hoping for ...Ne5.} 19. Ne2 Bf6) 19. Nh5 (19. Bxh7 $1 $11 {was the only way to keep the balance.} Bf4 20. Bc5) 19... g6 $17 20. Qh4 {[%emt 0:00:31] Intending Qf6+ and mate.} Be5 {[%emt 0:10:16] Inhibits Qf6+.} (20... Be7 $1 $17 21. Nf6 Bxf6 22. Qxf6+ Kg8) 21. f4 $15 Qe7 (21... gxh5 22. fxe5 Qxe5 23. Bxh7 $1 (23. Bf4 Qe7 $16) 23... Kxh7 24. Rg5 $1 Qxg5 25. Qxg5 $18) 22. Rg5 $2 (22. Qxe7 $11 {and White is okay.} Nxe7 23. fxe5 gxh5 24. e6) 22... Bg7 (22... Bxb2 23. Bc5 Qd8 24. Kxb2 $18 (24. Bxf8 Bc3 $11)) (22... Bd6 $19 23. Bd2 Bb4) 23. Bc5 Qd8 24. a3 $2 (24. Nxg7 $15 Kxg7 25. Nd4 (25. Bxf8+ Qxf8 26. Rxd5 Be6 $11)) 24... Re8 $2 ({Don't blunder} 24... b6 $2 25. Bxf8 Bxf8 26. Qg3 $17) (24... gxh5 $19 25. Bxf8 Qxf8 26. Rxd5 Bg4) 25. Qg3 $2 (25. Nxg7 $15 Kxg7 26. Qg3) 25... Bh6 $19 26. Qh4 f5 ({Don't go for} 26... gxh5 $2 27. Qxh5 Qf6 28. Qh4 $19) 27. Nd4 $2 (27. Nf6 Qxf6 28. Qxh6) 27... Bxg5 28. fxg5 gxh5 29. Qxh5 {[%emt 0:01:25] Nxc6 is the strong threat.} Re1+ 30. Ka2 {[%emt 0:00:18] Threatens to win with Nxc6.} Qe8 31. Qh6 {[%emt 0:00:45] Strongly threatening Nxc6.} Qf7 $2 (31... Kg8 $19 32. g6 hxg6 33. Nxc6 bxc6) 32. Nxc6 $11 {[%emt 0:01:07] Threatening mate with g6. Chess con chili.} bxc6 $4 {[%emt 0:01:18][%mdl 8192] [#]} (32... Bd7 $11 33. Bd4+ Kg8) 33. g6 $1 Re6 34. gxf7 {[%emt 0:00:40] A wild game.  Weighted Error Value: White=0.72/Black=0.81} 1-0

[Event "12th WLC Weekend 2022"]
[Site "Eindhoven"]
[Date "2022.05.14"]
[Round "2.15"]
[White "Weijers, Ralf"]
[Black "Cebula, Jerzy"]
[Result "1/2-1/2"]
[ECO "C56"]
[WhiteElo "1857"]
[BlackElo "1994"]
[Annotator "TA"]
[PlyCount "45"]
[EventDate "2022.05.13"]
[EventType "swiss"]
[EventCountry "NED"]
[SourceTitle "playchess.com"]
[Source "ChessBase"]
[SourceQuality "1"]
[TimeControl "5400+30"]

1. e4 e5 2. Nf3 Nc6 3. Bc4 Nf6 4. d4 exd4 5. e5 Ng4 6. Bxf7+ Kxf7 7. Ng5+ Kg8 8. Qxg4 h6 {[%emt 0:01:04] C56: Two Knights: 4 d4 exd4 5 0-0 Nxe4.} 9. Nf3 d6 $1 10. Qg3 ({Wrong is} 10. e6 $2 Qf6 11. O-O Bxe6 $19) 10... dxe5 {[%emt 0:07:05] [#] Black is better.} 11. Nh4 $146 ({Predecessor:} 11. Nxe5 Qf6 12. f4 Bf5 13. Qb3+ Kh7 14. O-O Bc5 15. Nd3 Bb6 16. Nd2 a5 17. a4 {½-½ (38) Voss,H (2081)-Kraemer,M (2216) Nordrheinwestfalen 2019}) 11... Qf6 12. O-O Bd6 {[%emt 0:06:28] aiming for ...e4.} 13. f4 {[%emt 0:05:55] [#]} (13. Nd2 $17) 13... e4 $1 $19 14. Nd2 Qe6 {[%emt 0:09:48] And now ...Nb4 would win.} 15. Ng6 (15. b3 $17 {might work better.}) 15... Rh7 (15... e3 $19 {[%cal Oc6b4] and Black stays clearly on top.} 16. Nf3 Qe4 17. Nxh8 Kxh8) 16. Re1 $2 (16. c3 $17) 16... e3 {[%emt 0:02:07] ...Nb4 is the strong threat.} 17. Nf3 {[%emt 0:00:08] [#]} Qg4 (17... h5 $1 $19 {is more deadly. Hoping for ...Rh6.} 18. c3 Rh6) 18. c3 $17 Kf7 19. Nge5+ Bxe5 20. fxe5 Qxg3 21. hxg3 Bg4 22. Nxd4 Nxe5 ({Black should try} 22... Nxd4 $17 23. cxd4 e2) 23. Bxe3 {[%emt 0:00:30] Weighted Error Value: White=0.32/Black=0.33} 1/2-1/2

[Event "12th WLC Weekend 2022"]
[Site "Eindhoven"]
[Date "2022.05.14"]
[Round "2.16"]
[White "Krenning, Jasper"]
[Black "Straat, Evert-Jan"]
[Result "1/2-1/2"]
[ECO "C01"]
[WhiteElo "1736"]
[BlackElo "2034"]
[Annotator "TA"]
[PlyCount "36"]
[EventDate "2022.05.13"]
[EventType "swiss"]
[EventCountry "NED"]
[SourceTitle "playchess.com"]
[Source "ChessBase"]
[SourceQuality "1"]
[TimeControl "5400+30"]

1. e4 e6 2. Nc3 d5 3. exd5 exd5 4. d4 c6 5. g3 Bd6 6. Bg2 {[%emt 0:00:36] C01: French: Exchange Variation.} Nf6 7. Nge2 Bf5 8. O-O {[%emt 0:00:26] The position is equal.} O-O 9. Bf4 {[%emt 0:00:34] [#]} a5 $146 ({Predecessor:} 9... Na6 10. a3 Nc7 11. Re1 Ne6 12. Be5 Bxe5 13. dxe5 Ng4 14. Nd4 Qb6 15. Nce2 Bg6 {0-1 (36) Mikulas,A (1746)-Dlauchy,P (1828) Budapest 2013}) 10. Bxd6 Qxd6 11. Nf4 h6 12. a3 Nbd7 13. Re1 b5 14. Nd3 Rfe8 15. f3 Rxe1+ 16. Nxe1 Rb8 17. Nd3 Qc7 18. Qd2 Qa7 {[%emt 0:02:50] Weighted Error Value: White=0.11 (very precise) /Black=0.09 (flawless)} 1/2-1/2

[Event "12th WLC Weekend 2022"]
[Site "Eindhoven"]
[Date "2022.05.14"]
[Round "2.17"]
[White "Koster, Chiel"]
[Black "Kools, Jasper"]
[Result "1/2-1/2"]
[ECO "B42"]
[WhiteElo "1924"]
[BlackElo "1774"]
[Annotator "TA"]
[PlyCount "51"]
[EventDate "2022.05.13"]
[EventType "swiss"]
[EventCountry "NED"]
[SourceTitle "playchess.com"]
[Source "ChessBase"]
[SourceQuality "1"]
[TimeControl "5400+30"]

1. e4 c5 2. Nf3 e6 3. d4 cxd4 4. Nxd4 a6 5. Bd3 Bc5 6. Be3 Qb6 {[%emt 0:06:11] B42: Sicilian: Kan Variation: 5 Bd3.} 7. c3 {[%emt 0:05:26] Active counter play!} Nc6 8. Qb3 ({Better is} 8. Nd2 $16) 8... Qa7 9. Nxc6 (9. Nd2 {feels hotter.} Nf6 10. Nxc6 bxc6 11. Bxc5 Qxc5 12. Qc4) 9... bxc6 10. Bxc5 Qxc5 {[%emt 0:00:05] [#]} 11. Qa3 $146 ({Predecessor:} 11. O-O Nf6 12. Nd2 O-O 13. Nf3 e5 14. Qd1 d5 15. exd5 e4 16. Nd4 exd3 17. dxc6 {0-1 (28) Waechter,N (1655)-Bauyrzhan,A (1845) Caldas Novas 2011}) 11... Qxa3 12. Nxa3 d5 {[%emt 0:02:50] Against Nc4} 13. Nc2 Nf6 14. exd5 cxd5 15. O-O {[%emt 0:03:54] The position is equal.} O-O 16. c4 dxc4 17. Bxc4 Bb7 18. Ne3 Rfd8 19. Rfd1 Kf8 20. b4 Ke7 21. a4 Nd5 22. Bxd5 Bxd5 23. b5 axb5 24. axb5 Rxa1 25. Rxa1 Rb8 26. Ra7+ {[%emt 0:03:41] Weighted Error Value: White=0.11 (very precise) /Black=0.05 (flawless)} 1/2-1/2

[Event "12th WLC Weekend 2022"]
[Site "Eindhoven"]
[Date "2022.05.14"]
[Round "2.18"]
[White "Verhoeven, Robin"]
[Black "Hubers, Daan"]
[Result "1-0"]
[ECO "B02"]
[WhiteElo "1946"]
[BlackElo "1818"]
[Annotator "TA"]
[PlyCount "76"]
[EventDate "2022.05.13"]
[EventType "swiss"]
[EventCountry "NED"]
[SourceTitle "playchess.com"]
[Source "ChessBase"]
[SourceQuality "1"]
[TimeControl "5400+30"]

1. e4 Nf6 2. e5 Ng8 3. d4 d6 4. f4 g6 {[%emt 0:05:26] [#]} 5. Be3 $146 ({Predecessor:} 5. Nf3 Bg4 6. h3 Bxf3 7. Qxf3 c6 8. Bd3 Bg7 9. b3 Qb6 10. Be3 Nh6 11. Nd2 d5 {0-1 (36) Antoniou,R (1510)-Karagiannis,K (1843) Lympia 2020}) 5... Bg7 6. Nf3 {[%emt 0:02:33] B02: Alekhine's Defence: Chase Variation and lines with early Nc3.} dxe5 7. fxe5 (7. dxe5 Qxd1+ 8. Kxd1 Nh6 $11) (7. Nxe5 Nh6 $14) 7... e6 8. Nbd2 {[%emt 0:01:57] White is better.} Nd7 9. Bc4 Ne7 10. Ne4 {[%emt 0:02:23] Prevents c5.} Nb6 11. Bb3 {[%emt 0:01:03] White is much more active. The black rooks are badly placed.} h6 12. Qd2 ({Better is} 12. Qe2) 12... Bd7 $16 13. Nc5 ({White should try} 13. c4 $16) 13... Qc8 14. c4 Bc6 15. O-O Nf5 16. Bf4 {[%emt 0:11:04] Threatens to win with d5.} Bf8 (16... Qd8 $142) 17. Nd3 $2 (17. g4 $1 $16 ) 17... Qd7 $2 (17... Bxf3 $15 18. Rxf3 Nxd4) 18. d5 $1 $36 {[%emt 0:05:40][%mdl 2048] White is in control.} exd5 {[%emt 0:01:06] [#]} (18... O-O-O {might work better.}) 19. e6 $1 fxe6 20. Nde5 (20. Nfe5 $18 Qg7 21. Nxc6 dxc4 {[#]} 22. Qe2 $1) 20... Qg7 (20... Qd6 $16 {was called for.}) 21. Nxc6 bxc6 22. Be5 Qh7 23. Bxh8 Qxh8 24. cxd5 cxd5 (24... O-O-O $16 25. Rae1 exd5) 25. Rfe1 Bc5+ 26. Kh1 O-O-O 27. Qa5 ({Don't play} 27. Rxe6 $6 Nd4 28. Nxd4 (28. Rxg6 Nxf3 29. gxf3 Qe5 $18) 28... Qxd4 $18) 27... Be3 $2 (27... Bd6 28. Rxe6 Qxb2 29. Qa6+ Kb8) 28. g4 Bf2 29. Ne5 $2 (29. gxf5 $18 {and White stays clearly on top.} Bxe1 30. Rxe1) 29... Rf8 $2 (29... Bxe1 $2 {gets mated.} 30. Qa6+ Kb8 31. Nc6+ Ka8 32. Qxa7#) (29... Nd4 $16) 30. Qa6+ (30. gxf5 Bxe1 31. Rxe1 Rxf5 $18) 30... Kd8 {[%emt 0:00:05] aiming for ...Ne3.} 31. Nxg6 {[%emt 0:03:25][%cal Be5g6,Bg6f8,Bf8e6,Be6c5][%mdl 96] Discovered Attack} Qf6 (31... Qd4 {keeps fighting.} 32. Nxf8 Qxg4 33. Nxe6+ Kd7 34. Nf8+ Kd8 35. Ne6+ Kd7 36. Nf8+ Kd8 37. Ne6+) 32. Nxf8 {[%emt 0:00:30] White is clearly winning.} ({Not} 32. gxf5 Qxf5 33. Ne5 Bxe1 34. Rxe1 Qf2 $16) 32... Ng3+ 33. Kg2 Ne4 {[%emt 0:01:25] [#]} 34. Rxe4 $1 dxe4 (34... Qxf8 35. Rxe6) 35. Nxe6+ Ke7 36. Qe2 Bh4 37. Rf1 Qg6 38. Nc5 {[%emt 0:00:24] And now Rf7+ would win.} Qh7 {[%emt 0:00:58] Weighted Error Value: White=0.54/Black=0.80} 1-0

[Event "12th WLC Weekend 2022"]
[Site "Eindhoven"]
[Date "2022.05.14"]
[Round "2.19"]
[White "Auwens, Michel"]
[Black "Wuijts, Johan"]
[Result "1-0"]
[ECO "C00"]
[WhiteElo "1791"]
[BlackElo "1964"]
[Annotator "TA"]
[PlyCount "87"]
[EventDate "2022.05.13"]
[EventType "swiss"]
[EventCountry "NED"]
[SourceTitle "playchess.com"]
[Source "ChessBase"]
[SourceQuality "1"]
[TimeControl "5400+30"]

1. e4 e6 2. d3 d5 3. Nd2 Nf6 4. g3 Bc5 5. e5 Nfd7 6. Nb3 {[%emt 0:01:28] C00: French: Unusual White 2nd moves.} Bb6 7. d4 O-O 8. Bd3 {[%emt 0:04:01] [#] The position is equal.} f5 $146 (8... c5 $11 9. dxc5 (9. Qh5 f5 $11) 9... Nxc5) ({Predecessor:} 8... Nc6 9. c3 Ne7 10. Qh5 f5 11. Bg5 c5 12. Qh4 Rf7 13. Be2 cxd4 14. cxd4 h6 {0-1 (48) Perez Rosales,P (2129)-Menvielle Laccourreye,A (2261) Las Palmas 2012}) 9. Be3 Qe7 10. c3 c5 11. dxc5 Nxc5 12. Nxc5 Bxc5 13. Qd2 Nc6 14. Nf3 {[%emt 0:08:44] Prevents d4.} Bd7 15. O-O-O b5 (15... Rab8 $11) 16. Bg5 (16. Bxb5 $14 Nxe5 17. Bxc5 Qxc5 18. Nxe5 Bxb5 19. f4) 16... Qe8 $11 17. h4 Qb8 (17... b4 $15 18. c4 h6) 18. Qe2 (18. Kb1 $11) 18... Qb6 19. Rh2 (19. Bxb5 $15 Bxf2 20. Bxc6 Bxc6 21. Nd4 Bxd4 22. Rxd4) 19... b4 $17 20. c4 b3 $1 21. a3 d4 $2 (21... Rfc8 $1 $17 {...Na5 is the strong threat.} 22. Kb1 (22. cxd5 $2 Nd4 $19) 22... Nd4 23. Nxd4 Bxd4) 22. g4 $1 $14 Rab8 ({Black should play} 22... Bxa3 $14 23. gxf5 (23. bxa3 fxg4 24. Ne1 Qa5 $11) 23... Nb4 24. fxe6 (24. bxa3 Na2+ 25. Kb2 Nc3 $11) 24... Nxd3+ 25. Qxd3 Bxe6 26. Nxd4 (26. bxa3 $2 b2+ 27. Kb1 Bf5 $19) 26... Bf7) 23. gxf5 exf5 24. Rg1 (24. e6 Rbe8 25. Rg1 Rxe6 $17) 24... Bxa3 $2 25. Bh6 (25. bxa3 b2+ 26. Kb1 Qa5 $15) 25... Rf7 (25... Bxb2+ 26. Kd1 (26. Kxb2 $2 Qa5 $19) (26. Qxb2 $2 Nb4 $19) 26... g6 27. Qxb2 (27. Bxf8 Bc3 $17) 27... Nb4) 26. Rhg2 $2 ({And not} 26. bxa3 b2+ 27. Kb1 Qc5 $11) (26. e6 $18 Re7 27. Bxg7 (27. bxa3 b2+ 28. Kb1 Qb3 $11) (27. exd7 $2 Rxe2 28. Rxg7+ Kh8 $19) (27. Bxf5 Qa5 $16) 27... Rxg7 28. exd7 Rxg1+ 29. Nxg1) 26... Bf8 $16 {[%emt 0:03:13] White must now prevent ...Nb4.} 27. e6 {[%emt 0:02:58][%mdl 64] Deflection, Double Attack} Re7 28. Bxf5 Qa5 {[%emt 0:01:17] Inhibits Ne5.} 29. Bxg7 $2 {[%emt 0:03:42] White is more active.} ({Avoid the trap} 29. Bxh7+ $2 Kxh7 30. Qd3+ Kh8 31. Rxg7 Bxg7 $19) (29. Bb1 $16 {keeps the pressure on. Qd3 would kill now.} Qh5 30. Bf4 (30. Bxh7+ Kh8 $17) 30... Bxe6 31. Bxb8) 29... Bxg7 $19 30. Bb1 {[%emt 0:03:05] [#] Strongly threatening Rg5.} Be8 $1 31. Rg5 {[%emt 0:05:18] [#] Inhibits Bg6.} Qa1 (31... Qc7 $1 $19 {And now ...Rd8 would win.} 32. h5 h6) 32. Nd2 $2 (32. Nxd4 $11 Nxd4 33. Rxg7+ Rxg7 34. Rxg7+ Kxg7 35. Qe5+ Kf8 36. Qd6+ Kg8 37. Qg3+ Bg6 38. Qxb8+ Kg7 39. Qe5+ Kg8 40. Qb8+ Kg7 41. Qe5+ Kg8 42. Qb8+) 32... Nb4 $4 {[%emt 0:03:19][%mdl 8192] [#]} (32... Bg6 $19 33. Rxg6 hxg6 34. Rxg6 d3) 33. Rxg7+ $1 $18 {[%emt 0:00:54][%mdl 576] Remove Defender} Rxg7 34. Rxg7+ Kxg7 35. Qg4+ $4 (35. Qe5+ $18 Kg8 36. Qxb8 Nd3+ 37. Kd1 Nxb2+ 38. Ke1) 35... Bg6 $19 {[%emt 0:00:45] ( -> ...Nd3+)} 36. Qxd4+ Kg8 37. Qd6 Nd3+ 38. Kd1 Nxb2+ 39. Ke2 Re8 40. e7 Na4 $2 (40... Bxb1 $19 41. Qd5+ Kg7) 41. Bxg6 $16 {[%emt 0:01:11] Really sharp!} hxg6 (41... Nc3+ $2 42. Kd3 Rxe7 43. Qd8+ Kg7 44. Qxe7+ $18) (41... Rxe7+ $16 42. Qxe7 hxg6 43. Qe8+ (43. Nxb3 Qb2+ 44. Nd2 Nc3+ 45. Kd3 Na2 $16) 43... Kg7) 42. Qxg6+ {[%emt 0:00:13] White mates.} Qg7 43. Qxe8+ Kh7 44. Qh5+ {[%emt 0:00:32] Weighted Error Value: White=1.10/Black=0.77} 1-0

[Event "12th WLC Weekend 2022"]
[Site "Eindhoven"]
[Date "2022.05.14"]
[Round "2.20"]
[White "Oskam, Julian"]
[Black "Duson, Robin"]
[Result "1/2-1/2"]
[ECO "A20"]
[WhiteElo "1627"]
[BlackElo "1980"]
[Annotator "TA"]
[PlyCount "70"]
[EventDate "2022.05.13"]
[EventType "swiss"]
[EventCountry "NED"]
[SourceTitle "playchess.com"]
[Source "ChessBase"]
[SourceQuality "1"]
[TimeControl "5400+30"]

1. c4 e5 2. g3 c6 3. d4 e4 4. d5 cxd5 5. cxd5 Nf6 6. Bg2 {[%emt 0:02:02] A20: English Opening: 1...e5.} Bb4+ 7. Bd2 Qe7 8. Bxb4 Qxb4+ 9. Qd2 Nxd5 10. Qxb4 Nxb4 11. Bxe4 d5 {[%emt 0:01:02] [#]} 12. Bd3 $146 ({Predecessor:} 12. a3 dxe4 13. axb4 Nc6 14. b5 Nd4 15. Ra4 Nxb5 16. Rxe4+ Be6 17. Nf3 O-O 18. O-O {½-½ (59) Abdusattorov,N (2633)-Harsha,B (2489) Warsaw 2021}) 12... Nxd3+ 13. exd3 O-O 14. Nc3 d4 15. Nb5 {[%emt 0:01:33] [#] And now Nc7 would win.} Nc6 $1 16. Nf3 Rd8 {[%emt 0:01:05] White must now prevent ...a6.} 17. Kd2 Bf5 (17... Bg4 {feels hotter.} 18. Ng5 a6 19. Na3 h6) 18. Nh4 Be6 (18... Bh3 $15) 19. Nc7 $11 Rac8 20. Nxe6 fxe6 21. Rac1 g5 22. Nf3 Rf8 23. Ke2 Rf5 {[%emt 0:02:14] [#] Hoping for ...Rcf8.} (23... g4 $5 24. Nd2 Ne5 $11) 24. Nd2 Rcf8 25. Rhf1 Rb5 26. Nc4 Ne5 27. Nxe5 (27. a4 {is interesting.} Rd5 28. Nd2 g4 29. h3) 27... Rxe5+ $14 {[%emt 0:00:09][%mdl 4096] Endgame KRR-KRR} 28. Kd2 Rb5 29. Rc2 g4 30. Ke1 Rf3 31. Rd2 Kf7 32. Rh1 Ke7 (32... Ra5 $15) 33. Kf1 $11 Kd6 (33... h5 $11) 34. Kg2 ({White should try} 34. h3 $1 $14) 34... h5 35. h3 Rf7 {[%emt 0:01:38] Weighted Error Value: White=0.13 (very precise) /Black=0.11 (very precise)} 1/2-1/2

[Event "12th WLC Weekend 2022"]
[Site "Eindhoven"]
[Date "2022.05.14"]
[Round "2.21"]
[White "Coenen, Eduard"]
[Black "Van Kuijk, Vadim"]
[Result "1-0"]
[ECO "D00"]
[WhiteElo "2030"]
[BlackElo "1898"]
[Annotator "TA"]
[PlyCount "132"]
[EventDate "2022.05.13"]
[EventType "swiss"]
[EventCountry "NED"]
[SourceTitle "playchess.com"]
[Source "ChessBase"]
[SourceQuality "1"]
[TimeControl "5400+30"]

1. d4 d5 2. Bf4 c5 3. c3 Nc6 4. e3 Qb6 5. Qb3 c4 6. Qxb6 {[%emt 0:01:50] D00: 1 d4 d5: Unusual lines.} axb6 7. e4 Nf6 8. Nd2 (8. e5 $11 Nh5 9. Be3) 8... b5 $1 $15 9. exd5 Nxd5 10. Bg3 Bf5 11. Ngf3 {[%emt 0:04:44] [#]} h6 $146 (11... e6 $17) ({Predecessor:} 11... e6 12. Be2 f6 13. O-O g5 14. a3 h5 15. h4 g4 16. Ne1 Kd7 17. Rc1 Bh6 {0-1 (54) Kiseljova,M (2031)-Alboredo,J (2182) Chess.com INT 2021}) 12. Be2 $11 e6 13. O-O Be7 14. a3 {[%emt 0:00:44] Inhibits b4.} O-O 15. Rfe1 Rfe8 16. Nf1 Bf6 17. Ne3 Nxe3 18. fxe3 e5 19. dxe5 (19. a4 {looks sharper.} exd4 20. exd4 Bd7 21. Kf1) 19... Bxe5 20. Bxe5 Nxe5 21. Nxe5 Rxe5 22. Bf3 Re7 23. Kf2 Rae8 24. Rad1 Bd3 25. e4 ({White should play} 25. Be2 $11) 25... Re5 $1 $15 ({Don't play} 25... Bxe4 26. Bxe4 Rxe4 27. Rxe4 Rxe4 28. Rd5 $16) 26. h3 f5 $2 ({But not} 26... Bxe4 27. Bxe4 Rxe4 28. Rxe4 Rxe4 29. Rd5 $16) (26... Kf8 $15 {stays ahead.}) 27. exf5 $18 Rxe1 28. Rxe1 Rxe1 29. Kxe1 Bxf5 (29... b6 {keeps fighting.} 30. g4 Kf7) 30. Bxb7 {[%emt 0:00:19][%mdl 4096] Endgame KB-KB} Bd7 31. Ke2 {[%emt 0:02:40] Ke3 is the strong threat.} Kf7 32. Ke3 {[%emt 0:00:04] And now Kd4 would win.} Ke6 33. Kd4 {[%emt 0:00:49] Hoping for Kc5.} Kd6 34. Bf3 Be6 35. Bd1 g5 (35... Bd5 $142 36. g3 Bg2) 36. a4 bxa4 37. Bxa4 h5 38. Bb5 Bd5 39. g3 h4 40. gxh4 gxh4 {[%emt 0:00:03] [#]} 41. Bxc4 $2 (41. Bd7 $1 $18 {[%mdl 512] and the rest is easy.}) 41... Bg2 $16 42. Ke3 Bxh3 43. Kf4 {[%emt 0:01:12] Strongly threatening Kg5.} Bg2 $2 {[%emt 0:00:40] White now steadily converts the win.} (43... Kc5 $14) 44. Kg4 h3 {[%emt 0:00:03] ( -> ...h2)} (44... Kc5 $2 45. Be2 $18 (45. Kxh4 Kxc4 46. Kh5 Bh3 $11)) 45. Kg3 {[%emt 0:00:08] White wants to mate with Be2.} Ke5 46. Ba6 {[%emt 0:00:35] White threatens Bc8 and mate.} Kd6 $2 (46... Bc6 $18 47. Kxh3 Kf4) 47. Bc8 {[%emt 0:00:35] White mates.} Kc5 48. Bxh3 Bd5 49. Bf1 Bb3 50. Kf4 Kd5 51. Ke3 Kc5 52. Ke4 Bd5+ 53. Ke5 Bb3 54. Bd3 Kc6 55. Kd4 Kd6 56. Bc4 Bd1 57. Bd5 Bg4 58. c4 Bd7 59. b4 Be8 60. b5 Kc7 61. Kc5 Bg6 62. b6+ Kb8 63. Kd6 Bf5 64. c5 Bc8 65. c6 Bd7 66. c7+ Kc8 {[%emt 0:00:07] Weighted Error Value: White=0.14 (very precise) /Black=0.44} 1-0

[Event "12th WLC Weekend 2022"]
[Site "Eindhoven"]
[Date "2022.05.14"]
[Round "2.22"]
[White "Smit, Maarten"]
[Black "Molenaar, Toine"]
[Result "1-0"]
[ECO "A13"]
[WhiteElo "2056"]
[BlackElo "1823"]
[Annotator "TA"]
[PlyCount "85"]
[EventDate "2022.05.13"]
[EventType "swiss"]
[EventCountry "NED"]
[SourceTitle "playchess.com"]
[Source "ChessBase"]
[SourceQuality "1"]
[TimeControl "5400+30"]

1. c4 e6 2. g3 d5 3. Bg2 Nf6 4. Nf3 dxc4 5. Qa4+ Nbd7 6. O-O a6 7. Qxc4 b5 8. Qc2 Bb7 9. d3 {[%emt 0:10:16] A13: English Opening: 1...e6.} Be7 10. Nbd2 O-O 11. Nb3 {[%emt 0:11:06] The position is equal.} c5 12. Bd2 {[%emt 0:01:18] [#]} a5 $146 ({Predecessor:} 12... Rc8 13. a4 c4 14. dxc4 bxc4 15. Nbd4 Be4 16. Qd1 e5 17. Nc2 Nc5 18. Nxe5 Nb3 19. Bxe4 Nxe4 {0-1 (38) Korsunsky,Y (2395)-Godart,F (2407) Struga 2021}) 13. a4 b4 14. Be3 Rc8 15. Nfd2 Bd5 16. Nc4 Ra8 17. Bf4 Ra7 18. e4 Bxc4 19. Qxc4 Qb6 20. Rfc1 Ng4 21. h3 Nge5 {[%emt 0:00:39] Pair of Knights!} 22. Qc2 Nc6 23. Be3 Nd4 24. Bxd4 cxd4 25. Qc4 Ne5 26. Qxd4 Qxd4 27. Nxd4 Rd8 (27... Nxd3 $11 28. Rc2 Bf6) 28. Nb5 $16 {[%emt 0:00:51] Black is now going downhill.} Rad7 29. d4 Nd3 30. Rc2 e5 {[%emt 0:00:48] [#]} (30... b3 $16 {might work better.} 31. Rd2 (31. Rc3 Nb4 $16) 31... Nb4) 31. Bf1 $1 $18 b3 32. Rc3 Nb4 {[%emt 0:00:40] [#]} 33. d5 (33. dxe5 Rd2 34. Bc4 (34. Rxb3 Bc5 $14) 34... Nd3 $16) (33. Rxb3 exd4 34. Bd3 Na6 $14) 33... f5 34. f3 (34. Rxb3 $6 fxe4 35. Bc4 Kh8 $16) (34. exf5 $6 Nxd5 35. Rxb3 Nf6) 34... fxe4 35. fxe4 Rf8 (35... Nc2 $142) 36. Be2 ({Much less strong is} 36. Rxb3 Bc5+ 37. Kh1 g6) 36... Bd8 37. Bg4 Rb7 (37... Bb6+ 38. Kh1 Rdd8 39. Rxb3 Na6) 38. Be6+ ({Don't play} 38. Rxb3 g6 39. Na3 Bb6+ 40. Kh1 Bd4 $18) 38... Kh8 39. Nd6 ({But not} 39. Rxb3 Bb6+ 40. Kh1 g6 $18) 39... Bb6+ 40. Kh1 Rbb8 41. Nf7+ {[%emt 0:00:14] White is clearly winning.} Kg8 (41... Rxf7 $142 42. Bxf7 g6) 42. Nxe5+ Kh8 43. Nd7 {[%emt 0:00:08] Weighted Error Value: White=0.08 (flawless) /Black=0.36} 1-0

[Event "12th WLC Weekend 2022"]
[Site "Eindhoven"]
[Date "2022.05.14"]
[Round "2.23"]
[White "Blijlevens, Pim"]
[Black "Suranyi, Pal"]
[Result "0-1"]
[ECO "A42"]
[WhiteElo "1958"]
[BlackElo "2013"]
[Annotator "TA"]
[PlyCount "36"]
[EventDate "2022.05.13"]
[EventType "swiss"]
[EventCountry "NED"]
[SourceTitle "playchess.com"]
[Source "ChessBase"]
[SourceQuality "1"]
[TimeControl "5400+30"]

1. d4 g6 2. c4 Bg7 3. Nc3 d6 4. e4 e5 5. Be3 exd4 6. Bxd4 Nf6 $1 7. Qd2 {[%emt 0:03:15] A42: Modern Defence: Averbakh Variation.} Nc6 8. Be3 Ng4 9. Bg5 {[%emt 0:01:23] The position is equal.} f6 10. Bf4 Be6 {[%emt 0:00:59] [#]} 11. Nf3 $146 ({Predecessor:} 11. Be2 O-O 12. Nf3 Nge5 13. b3 Nxf3+ 14. Bxf3 g5 15. Be3 f5 16. exf5 Bxf5 17. Rc1 {½-½ (50) Sorvari,J (2041)-Ponnio,T (1951) Jyvaskyla 2012}) 11... Qd7 12. b3 O-O-O 13. Be2 g5 14. Bg3 h6 15. O-O-O {[%emt 0:04:07] [#]} (15. Rd1 $11 {remains equal.}) 15... f5 $1 $17 16. exf5 ({Much worse is} 16. h3 f4 17. hxg4 fxg3 18. fxg3 Bxg4 $17) 16... Bxf5 17. Bd3 $2 {[%emt 0:04:48][%mdl 8192] [#]} ({Better is} 17. Rhe1 $15) 17... Bxd3 $1 $19 18. Qxd3 Nb4 {[%emt 0:00:15] Weighted Error Value: White=0.61/Black=0.06 (flawless)} 0-1